 Dungeon Crawl Stone Soup version 0.31.0-12-g77e489cdc1 (webtiles) character file.

Game seed: 2120463789602903366

116 Silvore the Trooper (level 4, -1/36 HPs)
             Began as a Demonspawn Fighter on Feb 15, 2024.
             Splashed by a jelly's acid (3 damage)
             ... on level 3 of the Dungeon.
             The game lasted 00:01:43 (1850 turns).

Silvore the Trooper (Demonspawn Fighter)            Turns: 1850, Time: 00:01:44

Health: -1/36      AC:  2    Str: 18    XL:     4   Next: 69%
Magic:  4/4        EV:  9    Int:  9    God:
Gold:   127        SH:  4    Dex: 12    Spells: 3/3 levels left

rFire   . . .        a - +0 long sword
rCold   . . .        c - +0 buckler
rNeg    . . .        b - +0 scale mail
rPois   .            (no helmet)
rElec   .            (no cloak)
rCorr   .            (no gloves)
SInv    .            (no boots)
Will    .....        (no amulet) Stlth
                     (no ring)
HPRegen 0.26/turn    (no ring)
MPRegen 0.09/turn

%: no passive effects
@: corroded
A: demonic guardian 1, demonic magic 1
a: no special abilities


You were on level 3 of the Dungeon.
You visited 1 branch of the dungeon, and saw 3 of its levels.

You collected 127 gold pieces.

Inventory:

Hand Weapons
 a - a +0 long sword (weapon)
Armour
 b - a +0 scale mail (worn)
 c - a +0 buckler (worn)
Scrolls
 m - 2 scrolls of identify
Potions
 d - a potion of might
 e - a potion of heal wounds {unknown}
 f - a potion of mutation {unknown}
 g - 2 potions of enlightenment
 h - a potion of invisibility {unknown}
 i - a potion of brilliance {unknown}


   Skills:
 + Level 3.6 Fighting
 + Level 3.0 Long Blades
 + Level 3.5 Armour
 + Level 0.3 Dodging
 + Level 0.2 Stealth
 + Level 2.9 Shields


You had 3 spell levels left.
You didn't know any spells.
Your spell library was empty.

Dungeon Overview and Level Annotations

Branches:
Dungeon (3/15)

Altars:


Innate Abilities, Weirdness & Mutations

A weak demonic guardian rushes to your aid.
Spells you cast may paralyse adjacent enemies.


Message History

The jelly quivers.
You barely miss the jelly. The jelly hits you.
You are splashed with acid!
You block the jelly's attack.
You hit the jelly but do no damage.
Your hands burn!
The jelly hits you but does no damage.
You slash the jelly!
Your hands burn!
The jelly is heavily wounded.
The jelly hits you but does no damage.
You slash the jelly!
You kill the jelly!
Your Long Blades skill increases to level 3!
There is an open door here.
There is an open door here.
Found a scroll labelled YPLIMN XIEBLER.
As you open the door, it creaks loudly!
You slash the jelly!
Your hands burn!
The jelly is heavily wounded.
The jelly hits you but does no damage. The jelly hits you.
The acid corrodes you!
You are splashed with acid!
You hit the jelly but do no damage.
Your hands burn!
* * * LOW HITPOINT WARNING * * *
The jelly is heavily wounded.
You block the jelly's attack.
You hit the jelly but do no damage.
Your hands burn!
* * * LOW HITPOINT WARNING * * *
The jelly is heavily wounded.
The jelly hits you.
* * * LOW HITPOINT WARNING * * *
The acid corrodes you!
You are splashed with acid.
* * * LOW HITPOINT WARNING * * *
A demonic guardian appears!
You completely miss the jelly.
The jelly is heavily wounded.
The jelly closely misses you. You block the jelly's attack.
You hit the jelly but do no damage.
Your hands burn!
* * * LOW HITPOINT WARNING * * *
The jelly is heavily wounded.
You block the jelly's attack.
You slash the jelly!
Your hands burn!
You die...

#....# #.# ##...# #.#
###.## #.### . .##.#
#.#.## ..
..#.########....#### ...
...................+...?
..#.#######.............
.##.# #....5........
###.# #.....@....#.
....# ###'##J##+## .##.#
#.##.## †##.# #+##+##
....# .#### .# .# ##


You could see a jelly (ally target) and a friendly iron imp (summoned).

Vanquished Creatures
  A jelly (D:3)
  4 gnolls
  2 adders
  A dart slug (D:2)
  A ball python (D:1)
  3 bats
  An endoplasm (D:2)
  2 giant cockroaches (D:2)
  2 goblins
  2 hobgoblins (D:2)
  3 jackals (D:1)
  3 frilled lizards
  2 kobolds (D:2)
  3 rats
30 creatures vanquished.

Vanquished Creatures (others)
  An endoplasm (D:3)
1 creature vanquished.

Grand Total: 31 creatures vanquished

Notes
Turn   | Place    | Note
-------+----------+-------------------------------------------
     0 | D:1      | Silvore the Demonspawn Fighter began the quest for the Orb.
     0 | D:1      | Reached XP level 1. HP: 18/18 MP: 1/1
   152 | D:1      | Gained mutation: Spells you cast may paralyse adjacent
                  | enemies. [demonic ancestry]
   152 | D:1      | Reached XP level 2. HP: 24/24 MP: 2/2
   517 | D:2      | Found a faded altar of an unknown god.
   915 | D:2      | Reached XP level 3. HP: 29/29 MP: 3/3
  1642 | D:3      | Gained mutation: A weak demonic guardian rushes to your
                  | aid. [demonic ancestry]
  1642 | D:3      | Reached XP level 4. HP: 25/35 MP: 4/4
  1850 | D:3      | Splashed by a jelly's acid

Illustrated notes

Levels and vault maps discovered:
D:1:      heliophobic_arrival_ceremonial_halls, layout_rooms,
          hangedman_decor_clover_reticule, nicolae_the_louvre
D:2:      layout_loops_corners, nicolae_ecumenical_oubliette
D:3:      layout_loops_corners, dk_xom_monty_hall, grunt_qazlal_clouds

Skill      XL: |  1  2  3  4 |
---------------+-------------+-----
Armour         | 3 |  3.5
Long Blades    | 2 3 |  3.0
Fighting       | |  3.6
Dodging        | |  0.3
Stealth        | |  0.2
Shields        | |  2.9

Action                     |  1- 3 |  4- 6 || total
---------------------------+-------+-------++-------
  Melee: Long sword        |    91 |    19 ||   110
    Use: Scroll            |     5 |       ||     5
 Armour: Scale mail        |    72 |    14 ||    86
  Dodge: Dodged            |    41 |     8 ||    49
  Block: Buckler           |    18 |     6 ||    24
